 Dungeon Crawl Stone Soup version 0.21.1 (webtiles) character file.

58 Rrauwl the Grave Robber (level 3, -6/19 HPs)
             Began as a Deep Elf Necromancer on Feb 1, 2018.
             Mangled by Crazy Yiuf
             ... wielding a +2 quarterstaff of chaos
              (10 damage)
             ... on level 2 of the Dungeon.
             The game lasted 00:05:30 (1531 turns).

Rrauwl the Grave Robber (Deep Elf Necromancer)      Turns: 1531, Time: 00:05:30

Health: -6/19      AC:  2    Str:  6    XL:     3   Next: 76%
Magic:  4/10       EV: 13    Int: 19    God:
Gold:   23         SH:  0    Dex: 15    Spells: 5/9 levels left

rFire    . . .     SeeInvis .   d - +0 short sword
rCold    + . .     Gourm    .   (no shield)
rNeg     . . .     Faith    .   a - +0 robe
rPois    .         Spirit   .   (no helmet)
rElec    .         Reflect  .   (no cloak)
rCorr    .         Harm     .   (no gloves)
MR       .....                  (no boots)
Stlth    ++........             (no amulet)
HPRegen  0.06/turn              g - ring of protection from cold
MPRegen  0.12/turn              (no ring)

@: no status effects
A: no striking features
a: no special abilities


You were on level 2 of the Dungeon.
You were not hungry.

You visited 1 branch of the dungeon, and saw 2 of its levels.

You collected 23 gold pieces.

Inventory:

Hand Weapons
 d - a +0 short sword (weapon)
Armour
 a - a +0 robe (worn)
Jewellery
 g - a ring of protection from cold (left hand)
Scrolls
 f - 3 scrolls of remove curse {unknown}
Potions
 e - 2 potions of agility {unknown}
 h - 2 potions of curing
 j - 2 potions of flight {unknown}
Books
 b - a book of Necromancy

   Spells                             Type                      Level
   a - Pain                           Necromancy                   1
   b - Animate Skeleton               Necromancy                   1
   c - Vampiric Draining              Necromancy                   3
   d - Regeneration                   Charms/Necromancy            3
   e - Animate Dead                   Necromancy                   4
   f - Borgnjor's Vile Clutch         Necromancy/Earth             5
Comestibles
 c - a ration
 i - 3 chunks of flesh


   Skills:
 + Level 3.2 Dodging
 + Level 3.4 Stealth
 + Level 3.8 Spellcasting
 + Level 5.3 Necromancy


You had 5 spell levels left.
You knew the following spells:

 Your Spells              Type           Power        Failure   Level  Hunger
a - Pain                  Necr           ###.         1%          1    None
b - Vampiric Draining     Necr           ###.......   4%          3    ###....


Dungeon Overview and Level Annotations

Branches:
Dungeon (2/15)

Altars:

Annotations:
D:2 Crazy Yiuf


Message History

Crazy Yiuf writhes in agony!
Crazy Yiuf barely misses you.
Casting: Pain
Confirm with . or Enter, or press ? or * to list all spells.
Aiming: Pain
Press: ? - help, Shift-Dir - straight line, f/p - Crazy Yiuf
Aim: Crazy Yiuf, wielding a quarterstaff of chaos and wearing a glowing cloak (heavily wounded, chance to defeat MR: 88%) Crazy Yiuf writhes in agony!
Crazy Yiuf says, "Crazy?
Crazy!?
PORCUPINE!"
Crazy Yiuf hits you with a quarterstaff of chaos!
Casting: Pain
Confirm with . or Enter, or press ? or * to list all spells.
Aiming: Pain
Press: ? - help, Shift-Dir - straight line, f/p - Crazy Yiuf
Aim: Crazy Yiuf, wielding a quarterstaff of chaos and wearing a glowing cloak (severely wounded, chance to defeat MR: 88%) Crazy Yiuf writhes in agony!
Crazy Yiuf hits you with a quarterstaff of chaos.
* * * LOW HITPOINT WARNING * * *
You are electrocuted!
Ouch! That really hurt!
You die...

#####
#..)#
#...#
...
#g#
##@#
#.##
##.#
#.##
##.##
#...##
#....#
#....#
##..##


You could see Crazy Yiuf.

Vanquished Creatures
  A worker ant (D:2)
  2 dart slugs (D:1)
  A leopard gecko (D:1)
  3 bats (D:1)
  A giant cockroach (D:1)
  5 goblins
  3 hobgoblins (D:1)
  A quokka (D:2)
  3 frilled lizards
  5 kobolds (D:1)
  4 rats (D:1)
29 creatures vanquished.

Notes
Turn   | Place    | Note
-------+----------+-------------------------------------------
     0 | D:1      | Rrauwl the Deep Elf Necromancer began the quest for the Orb.
     0 | D:1      | Reached XP level 1. HP: 10/10 MP: 6/6
   252 | D:1      | Reached skill level 5 in Necromancy
   252 | D:1      | Reached XP level 2. HP: 11/15 MP: 2/8
  1196 | D:1      | Reached XP level 3. HP: 18/19 MP: 7/10
  1517 | D:2      | Found a runed door.
  1522 | D:2      | Learned a level 3 spell: Vampiric Draining
  1522 | D:2      | Upgraded the game from 0.21.0-37-g46506fa5f3 to 0.21.1
  1525 | D:2      | Noticed Crazy Yiuf
  1531 | D:2      | Mangled by Crazy Yiuf

Skill      XL: |  1  2 |
---------------+-------+-----
Necromancy     | 5 |  5.3
Stealth        | 3 |  3.4
Dodging        | 3 |  3.2
Spellcasting   | |  3.8

Action                   || total
-------------------------++-------
Melee: Dagger            ||     6
       Short sword       ||     5
 Cast: Pain              ||    55
  Use: Potion            ||     1
 Stab: Sleeping          ||     1
  Eat: Chunk             ||     2
Armor: Robe              ||     4
Dodge: Dodged            ||    20
